 Dungeon Crawl Stone Soup version 0.26-a0-771-g060e6a62af (webtiles) character file.

Game seed: 1122573925591074338

137 Descartes the Sneak (level 5, 0/24 HPs)
             Began as a Felid Monk on Nov 8, 2020.
             Killed from afar by a white imp (7 damage)
             ... with a puff of frost
             ... on level 3 of the Dungeon.
             The game lasted 00:05:00 (5649 turns).

Descartes the Sneak (Felid Monk)                    Turns: 5649, Time: 00:05:01

Health: 0/24       AC:  1    Str:  8    XL:     5   Next: 0%
Magic:  6/6        EV: 21    Int: 11    God:
Gold:   235        SH:  0    Dex: 19    Spells: 1/4 levels left
                                        Lives:  0   Deaths: 1

rFire    . . .     SeeInvis +     - Unarmed
rCold    . . .     Faith    .   (shield unavailable)
rNeg     . . .     Spirit   .   (armour unavailable)
rPois    .         Reflect  .   (helmet unavailable)
rElec    .         Harm     .   (cloak unavailable)
rCorr    .         Rampage  .   (gloves unavailable)
MR       .....                  (boots unavailable)
Stlth    ++++......             (no amulet)
HPRegen  0.08/turn              (no ring)
MPRegen  0.10/turn              (no ring)

@: quick
A: very small, no armour, no weapons or thrown items, stealth, claws 1, fangs 3,
see invisible, speed 1, shaggy fur 1, sharp paws
a: no special abilities


You were on level 3 of the Dungeon.
You visited 1 branch of the dungeon, and saw 4 of its levels.

You collected 235 gold pieces.

Inventory:

Missiles
 m - 19 arrows
Wands
 n - a wand of digging (1)
 p - a wand of enslavement (9)
 r - a wand of iceblast (12)
Scrolls
 c - 2 scrolls of noise {unknown}
 e - a scroll of magic mapping {unknown}
 f - a scroll of identify
 h - a scroll of remove curse {unknown}
 i - a scroll of enchant weapon {unknown}
 j - 2 scrolls of immolation {unknown}
 k - 3 scrolls of teleportation {unknown}
Potions
 a - 2 potions of lignification
 b - a potion of might
 d - a potion of berserk rage
 g - 4 potions of curing
 l - a potion of brilliance
 o - a potion of cancellation
 q - a potion of heal wounds
 s - a potion of flight {unknown}


   Skills:
 - Level 3.0 Fighting
 - Level 5.0 Dodging
 * Level 5.1 Stealth
 - Level 5.0 Unarmed Combat
 + Level 0.0 Spellcasting
 + Level 0.1 Hexes


You had one spell level left.
You knew the following spells:

 Your Spells              Type           Power        Failure   Level
a - Dazzling Flash        Conj/Hex       #.....       71%         3

Your spell library contained the following spells:

 Spells                   Type           Power        Failure   Level
 Magic Dart               Conj           #...         34%         1
 Searing Ray              Conj           #.....       47%         2
 Fulminant Prism          Conj/Hex       #.........   98%         4
 Iskenderun's Mystic Bla  Conj/Tloc      #.......     98%         4


Dungeon Overview and Level Annotations

Branches:
Dungeon (4/15)
 Temple: D:4-7

Altars:
Cheibriados
Kikubaaqudgha
Okawaru
Ru

Annotations:
D:2 1 runed translucent door, Crazy Yiuf
D:4 Dowan, Duvessa


Innate Abilities, Weirdness & Mutations

You cannot wear armour.
You are incapable of wielding weapons or throwing items.
Your paws allow you to move quietly. (Stealth)
You have sharp claws.
You have razor-sharp teeth.
You have supernaturally acute eyesight. (SInv)
You cover ground quickly.
You are covered in fur. (AC +1)
Your sharp claws are effective at attacking unaware monsters.


Message History

You climb downwards.
Level annotation: Dowan, Duvessa
There is a stone staircase leading up here.
A white imp is nearby!
The white imp summons a swarm of flies.
The white imp gestures at you. The puff of frost hits you!
There is a stone staircase leading up here.
You climb upwards.
There is a stone staircase leading down here.
You scratch the white imp but do no damage.
The white imp completely misses you.
You barely miss the white imp. The white imp hits you.
The white imp freezes you.
* * * LOW HITPOINT WARNING * * *
You scratch the white imp.
The white imp is heavily wounded.
The white imp gestures at you. The puff of frost hits you!
You die...

........[.############..........#
.........)....((#......###...>..#
#...#...#######.#.########.######
######....# #).............# ##
##...# ##.#####........###.
#####..####..# #........##..
#.......#...## #####.^.....#
#....#....###########......[..
#....##.....5@........#.......
#..........############....)..
#....##.##...####### #.......
#....##.####......)# #.......
#....##.# #.....#.## #.......
#....##.# #..##....# #.......
#....##.# ##..###..###'''#...
#....##.# ##..##....#...#...
#######.# ##..#....#...#...


You could see a white imp.

Vanquished Creatures
  Natasha (thrice) (D:2)
  Terence (D:2)
  Ijyb (D:3)
  An adder (D:2)
  3 worms
  2 dart slugs
  A leopard gecko (D:1)
  2 orcs (D:3)
  A bat (D:2)
  2 giant cockroaches
  6 hobgoblins
  5 jackals (D:3)
  2 quokkas (D:2)
  2 ball pythons
  2 frilled lizards
  7 goblins
  13 kobolds
  4 rats
58 creatures vanquished.

Notes
Turn   | Place    | Note
-------+----------+-------------------------------------------
     0 | D:1      | Descartes the Felid Monk began the quest for the Orb.
     0 | D:1      | Reached XP level 1. HP: 10/10 MP: 2/2
   250 | D:1      | Reached XP level 2. HP: 14/14 MP: 3/3
  1614 | D:2      | Found a snail-covered altar of Cheibriados.
  1668 | D:2      | Reached XP level 3. HP: 10/17 MP: 4/4
  1935 | D:2      | Found a sacrificial altar of Ru.
  2401 | D:2      | Noticed Terence
  2433 | D:2      | Killed Terence
  2433 | D:2      | Reached XP level 4. HP: 6/21 MP: 5/5
  2717 | D:2      | Found a runed translucent door.
  2718 | D:2      | Noticed Crazy Yiuf
  2959 | D:2      | Noticed Natasha
  2970 | D:2      | Killed Natasha
  2970 | D:2      | Reached skill level 5 in Dodging
  3517 | D:2      | Found a snail-covered altar of Cheibriados.
  3651 | D:2      | Found a sacrificial altar of Ru.
  3671 | D:2      | Noticed Natasha
  3684 | D:2      | HP: 1/21 [Natasha/magic dart (8)]
  3686 | D:2      | Killed Natasha
  4108 | D:2      | Noticed Natasha
  4124 | D:2      | Slain by a shadow imp
  4125 | D:2      | Reached XP level 3. HP: 0/17 MP: 4/4
  4157 | D:2      | Killed Natasha
  4157 | D:2      | Reached XP level 4. HP: 7/21 MP: 5/5
  4606 | D:3      | Noticed Ijyb
  4623 | D:3      | Killed Ijyb
  4623 | D:3      | Reached skill level 5 in Unarmed Combat
  4820 | D:3      | Found an ancient bone altar of Kikubaaqudgha.
  4823 | D:3      | Reached skill level 5 in Stealth
  5125 | D:3      | Learned a level 3 spell: Dazzling Flash
  5505 | D:4      | Found an iron altar of Okawaru.
  5585 | D:4      | Noticed Dowan
  5586 | D:4      | Noticed Duvessa
  5588 | D:4      | Reached XP level 5. HP: 24/24 MP: 6/6
  5649 | D:3      | Killed from afar by a white imp

Illustrated notes

Levels and vault maps discovered:
D:1:      dpeg_arrival_round_a, layout_loops_corners, minmay_tiny_reverse_x
D:2:      layout_loops_cross, cheibriados_altar_1, nicolae_ru_path_of_blood,
          uniq_terence, uniq_crazy_yiuf_cottage, uniq_natasha
D:3:      layout_rooms, overflow_temple_1_default, kennysheep_cross_bottleneck,
          minmay_misc_feat_roman, uniq_ijyb
D:4:      layout_gridville, okawaru_metal_pillars_3, kennysheep_mini_moat,
          ebering_ghost_reflecting_pool, tgw_trog, uniq_duvessa

Skill      XL: |  1  2  3  4 |
---------------+-------------+-----
Stealth        | 3 5 |  5.1
Unarmed Combat | 4 5 |  5.0
Dodging        | 5 |  5.0
Fighting       | |  3.0
Hexes          | |  0.1

Action                   |  1- 3 |  4- 6 || total
-------------------------+-------+-------++-------
Melee: Unarmed           |   137 |    96 ||   233
       Bite              |    14 |     5 ||    19
       Punch             |     2 |     1 ||     3
  Use: Scroll            |       |     6 ||     6
       Potion            |       |     1 ||     1
 Stab: Sleeping          |     5 |     3 ||     8
Armor: Skin              |     4 |     3 ||     7
Dodge: Dodged            |   115 |    66 ||   181

Table legend: (Time is in decaauts)
 A = Elapsed time spent in this place.
 B = Non-inter-level travel time spent in this place.
 C = Inter-level travel time spent in this place.
 D = Time resting spent in this place.
 E = Time spent auto-exploring this place.
 F = Levels seen in this place.
 G = Mean time per level.
                   A        B        C        D        E       F      G
               +--------+--------+--------+--------+--------+-----+--------+
         Total |   5059 |   4962 |     97 |    160 |   4331 |   4 | 1264.8 |
       Dungeon |   5059 |   4962 |     97 |    160 |   4331 |   4 | 1264.8 |
               +--------+--------+--------+--------+--------+-----+--------+

Top non-repeatable levels by time:
     D:2: 2606 daAuts
     D:1: 1432 daAuts
     D:3: 868 daAuts
     D:4: 152 daAuts
